 Dungeon Crawl Stone Soup version 0.30-a0-937-ga0a21ad780 (webtiles) character file.

Game seed: 14685340019516976711

1805 tilp the Carver (level 9, -1/81 HPs)
             Began as a Meteoran Fighter on Mar 24, 2023.
             Slain by an orc warrior
             ... wielding a +0 glaive
              (14 damage)
             ... in a bailey.
             The game lasted 00:12:21 (2676 turns).

tilp the Carver (Meteoran Fighter)                  Turns: 2676, Time: 00:12:21

Health: -1/81      AC: 10    Str: 18    XL:     9   Next: 56%
Magic:  10/10      EV:  9    Int: 10    God:
Gold:   245        SH:  5    Dex: 18    Spells: 8/8 levels left

rFire   . . .      SeeInvis .    a - +1 long sword
rCold   . . .      Faith    .    c - +0 buckler
rNeg    + . .      Spirit   .    u - +1 chain mail
rPois   .          Reflect  .    (no helmet)
rElec   .          Rampage  .    (no cloak)
rCorr   +                        (no gloves)
Will    +....                    (no boots) Stlth
                                 (no amulet)
HPRegen 0.33/turn                j - ring of positive energy
MPRegen 0.12/turn                k - ring of resist corrosion

@: glowing
A: sense surroundings 2, otherworldly, glowing, explore regen
a: no special abilities


You were in a bailey.
You visited 1 branch of the dungeon, and saw 8 of its levels.
You also visited: Ossuary and Bailey.

You collected 245 gold pieces.

Inventory:

Hand Weapons
 a - a +1 long sword (weapon)
 b - a +2 dagger of venom
 m - a +2 rapier of electrocution
 s - a +2 antimagic dagger
 C - the +1 halberd of Lies {venom, Contam rPois MP+9 Dex+8}
   (You found it on level 7 of the Dungeon)

   Dex:       It affects your dexterity (+8).
   rPois:     It protects you from poison.
   MP:        It affects your magic capacity (+9).
   Contam:    It causes magical contamination when unequipped.
Missiles
 g - 18 stones
 t - 12 poisoned darts (quivered)
Armour
 c - a +0 buckler (worn)
 u - a +1 chain mail (worn)
Jewellery
 f - a +6 ring of intelligence
 j - a ring of positive energy (left hand)
 k - a ring of resist corrosion (right hand)
 v - an amulet of magic regeneration
 E - a ring of wizardry
Wands
 z - a wand of light (8)
Scrolls
 q - a scroll of enchant armour
 y - a scroll of fear
 A - a scroll of poison
Potions
 d - 3 potions of curing
 e - a potion of magic
 h - a potion of resistance
 i - a potion of mutation {unknown}
 l - 2 potions of lignification
 n - a potion of flight {unknown}
 o - a potion of ambrosia {unknown}
 p - a potion of experience {unknown}
 r - a potion of haste {unknown}
 w - a potion of berserk rage {unknown}
 x - 3 potions of attraction
 B - a potion of degeneration {unknown}
 D - 3 potions of cancellation


   Skills:
 * Level 7.8 Fighting
 * Level 9.5 Long Blades
 - Level 2.0 Throwing
 - Level 4.0 Armour
 + Level 5.4 Dodging
 - Level 4.0 Shields


You had 8 spell levels left.
You didn't know any spells.
Your spell library was empty.

Dungeon Overview and Level Annotations

Branches:
Dungeon (8/15) Zot: 2463   Temple (0/1) D:6         Ossuary (visited)
 Bailey (1/1) Zot: 580
   Lair: D:8-11

Altars:
Zin
The Shining One


Innate Abilities, Weirdness & Mutations

You passively map the area around you.
You are easily found by Zot.
You glow in the dark.
You regain HP and MP as you explore.


Message History

The orc splashes around in the water.
Things that are here:
a +0 halberd; a +0 ring mail Your unstable footing causes you to fumble your attack.
You block the orc's attack.
You hit the orc.
The orc is lightly wounded.
You block the orc's attack.
You slash the orc!
You kill the orc!
You hear a splash. x2
The orc warrior hits you from afar with a +0 glaive!
The orc warrior hits you with a +0 glaive!
You hit the orc warrior.
The orc warrior is lightly wounded.
You block the orc warrior's attack.
You hit the orc warrior but do no damage.
The orc warrior is lightly wounded.
The orc warrior hits you with a +0 glaive!
You slash the orc warrior!
The orc warrior is heavily wounded.
The orc warrior hits you with a +0 glaive!
You are too injured to fight recklessly!
You are too injured to fight recklessly!
You are too injured to fight recklessly!
You slash the orc warrior!
The orc warrior is severely wounded.
The orc warrior hits you with a +0 glaive!
* * * LOW HITPOINT WARNING * * *
You barely miss the orc warrior.
The orc warrior is severely wounded.
The orc warrior hits you with a +0 glaive!!
* * * LOW HITPOINT WARNING * * *
You closely miss the orc warrior.
The orc warrior is severely wounded.
The orc warrior barely misses you.
You hit the orc warrior.
The orc warrior is severely wounded.
The orc warrior hits you with a +0 glaive!
You die...

#### * #∩∩##
* ,, ##..# *
~ #..## ~ ,
##..######.,~
#.......... ,
#.~)~~~~~~~ ,
* ,
#.)........
,,,
#.~@####### +
#.~o# .$$, *
, #.~..**.$.#
~ #.~~.. .##
~~ ,
#∩.~~..*+# ,
##.~~..#+ , ,
, .~~..##,
.~..##,, ,~ ,
,


You could see an orc warrior.

Vanquished Creatures
  A wraith (Ossuary)
  4 yaks (D:5)
  Eustachio (D:5)
  An ice beast (D:7)
  An ogre (D:5)
  A centaur (D:7)
  A phantom (D:5)
  A scorpion (D:4)
  A crimson imp (D:4)
  2 jellies (D:4)
  2 hounds
  An orc priest (D:3)
  A sleepcap (D:5)
  5 iguanas
  An orc wizard (D:5)
  3 mummies (Ossuary)
  4 adders
  A white imp (D:4)
  2 ufetubi (D:5)
  A dart slug (D:4)
  11 orcs
  A bat (D:3)
  3 endoplasms
  2 giant cockroaches
  5 goblins
  5 hobgoblins
  6 jackals
  7 kobolds
  3 quokkas
  4 ball pythons
  3 frilled lizards
  2 goblin zombies (Ossuary)
  3 hobgoblin zombies (Ossuary)
  3 kobold zombies (Ossuary)
  3 rats
96 creatures vanquished.

Notes
Turn   | Place    | Note
-------+----------+-------------------------------------------
     0 | D:1      | tilp the Meteoran Fighter began the quest for the Orb.
     0 | D:1      | Reached XP level 1. HP: 19/19 MP: 2/2
    58 | D:1      | Reached XP level 2. HP: 21/26 MP: 3/3
    77 | D:1      | Reached skill level 3 in Long Blades
   108 | D:1      | Reached skill level 1 in Dodging
   158 | D:2      | Found a faded altar of an unknown god.
   160 | D:2      | Found a glowing golden altar of the Shining One.
   183 | D:2      | Reached XP level 3. HP: 22/31 MP: 4/4
   377 | D:3      | Reached skill level 4 in Long Blades
   377 | D:3      | Reached XP level 4. HP: 28/40 MP: 5/5
   452 | D:4      | Reached XP level 5. HP: 35/46 MP: 6/6
   479 | D:4      | Reached skill level 5 in Long Blades
   479 | D:4      | Reached XP level 6. HP: 16/52 MP: 7/7
   487 | D:4      | Reached skill level 6 in Long Blades
   567 | D:4      | Found a sand-covered staircase.
   573 | Ossuary  | Entered an ossuary
   573 | Ossuary  | Noticed a wraith
   573 | Ossuary  | Noticed a wraith
   573 | Ossuary  | Noticed a wraith
   806 | Ossuary  | Noticed a wraith
   825 | Ossuary  | HP: 2/52 [wraith (7)]
   827 | Ossuary  | Killed a wraith
   828 | Ossuary  | Reached skill level 1 in Throwing
   828 | Ossuary  | Reached XP level 7. HP: 13/60 MP: 8/8
  1417 | D:5      | Entered Level 5 of the Dungeon
  1470 | D:5      | Reached skill level 5 in Fighting
  1528 | D:5      | Noticed Eustachio
  1691 | D:5      | Noticed a yak
  1719 | D:5      | Reached skill level 7 in Long Blades
  1719 | D:5      | Reached XP level 8. HP: 64/68 MP: 9/9
  1723 | D:5      | Noticed a yak
  1754 | D:5      | Killed a yak
  1800 | D:5      | Noticed a yak
  1821 | D:5      | Noticed a yak
  1825 | D:5      | Killed a yak
  1828 | D:5      | Killed Eustachio
  1829 | D:5      | Reached skill level 8 in Long Blades
  1833 | D:5      | Killed a yak
  1834 | D:5      | Gained mutation: You passively map the area around you.
                  | [Meteoran growth]
  1834 | D:5      | Reached XP level 9. HP: 17/78 MP: 10/10
  2080 | D:5      | Reached skill level 9 in Long Blades
  2138 | D:5      | Reached skill level 5 in Dodging
  2618 | D:7      | Found a flagged portal.
  2634 | D:7      | Identified the +1 halberd of Lies {venom, Contam rPois MP+9
                  | Dex+8}
  2645 | D:7      | Found a glowing silver altar of Zin.
  2657 | Bailey   | Entered a bailey
  2676 | Bailey   | Slain by an orc warrior

Illustrated notes

Levels and vault maps discovered:
D:1:      dpeg_arrival_chambers_temple_mockup, layout_basic,
          hangedman_abyss_or_decor_lesser_grid
D:2:      layout_basic, basic_altar, ebering_ecumenical_altar_mist
D:3:      layout_loops_ring
D:4:      layout_rooms, nicolae_ossuary_entry_plus, minmay_fire_ice_demons
D:5:      layout_layer_cave, uniq_eustachio
D:6:      layout_basic, eat_drink_and_be_merry_uskayaw,
          minmay_temple_entry_overgrown, minmay_statues_item,
          kennysheep_cross_bottleneck, uniq_maggie
D:7:      layout_rooms, old_standard_altar, nicolae_overflow_crystal_walls,
          enter_bailey_2, uniq_prince_ribbit1
D:8:      layout_loops_ring, gammafunk_temple_overflow_elements,
          hangedman_decor_lopped
Bailey:   bailey_polearm_1, bailey

Skill      XL: |  1  2  3  4  5  6  7  8  9 |
---------------+----------------------------+-----
Long Blades    | 3 4 5 6 7 8 9 |  9.5
Dodging        | 1 2 3 4 5 |  5.4
Fighting       | 4 5 6 7 |  7.8
Throwing       | 1 2 |  2.0
Armour         | 4 |  4.0
Shields        | 4 |  4.0

Action                     |  1- 3 |  4- 6 |  7- 9 || total
---------------------------+-------+-------+-------++-------
  Melee: Long sword        |    76 |   107 |   221 ||   404
  Throw: Stone             |     1 |       |       ||     1
         Dart              |       |       |     7 ||     7
    Use: Potion            |     1 |     3 |     2 ||     6
         Scroll            |       |     2 |    13 ||    15
 Armour: Scale mail        |    25 |     1 |       ||    26
         Chain mail        |       |    46 |   120 ||   166
  Dodge: Dodged            |    19 |    22 |    65 ||   106
  Block: Buckler           |    22 |    18 |    51 ||    91

Table legend: (Time is in decaauts)
 A = Elapsed time spent in this place.
 B = Non-inter-level travel time spent in this place.
 C = Inter-level travel time spent in this place.
 D = Time resting spent in this place.
 E = Time spent auto-exploring this place.
 F = Levels seen in this place.
 G = Mean time per level.
                   A        B        C        D        E       F      G
               +--------+--------+--------+--------+--------+-----+--------+
         Total |   2744 |   2593 |    151 |    130 |      0 |  10 |  274.4 |
       Dungeon |   2336 |   2185 |    151 |    130 |      0 |   8 |  292.0 |
       Ossuary |    389 |    389 |      0 |      0 |      0 |   1 |  389.0 |
        Bailey |     18 |     18 |      0 |      0 |      0 |   1 |   18.0 |
               +--------+--------+--------+--------+--------+-----+--------+

Top non-repeatable levels by time:
     D:5: 797 daAuts
     D:3: 460 daAuts
     D:4: 431 daAuts
 Ossuary: 389 daAuts
     D:1: 184 daAuts
     D:6: 184 daAuts
     D:7: 152 daAuts
     D:2: 125 daAuts
  Bailey: 18 daAuts
     D:8: 1 daAuts
